 Dungeon Sprint DCSS version 0.26-a0-683-g5206c1d7ac (webtiles) character file.

Game seed: 16962956483269333439

32 sahdkjhfkaj the Scratcher (level 3, -3/17 HPs)
             Began as a Felid Transmuter on Oct 23, 2020.
             Slain by a human (8 damage)
             ... in the Dungeon (Sprint III: "The Ten Rune Challenge").
             The game lasted 00:01:10 (162 turns).

sahdkjhfkaj the Scratcher (Felid Transmuter)         Turns: 162, Time: 00:01:10

Health: -3/17      AC:  1    Str:  7    XL:     3   Next: 8%
Magic:  7/7        EV: 20    Int: 14    God:
Gold:   0          SH:  0    Dex: 16    Spells: 5/6 levels left
                                        Lives:  0   Deaths: 0

rFire    . . .     SeeInvis +     - Unarmed
rCold    . . .     Faith    .   (shield unavailable)
rNeg     . . .     Spirit   .   (armour unavailable)
rPois    .         Reflect  .   (helmet unavailable)
rElec    .         Harm     .   (cloak unavailable)
rCorr    .         Rampage  .   (gloves unavailable)
MR       .....     NoTele   +   (boots unavailable)
Stlth    ++........             (no amulet)
HPRegen  0.05/turn              (no ring)
MPRegen  0.10/turn              (no ring)

@: appendages (expiring), quick
A: very small, no armour, no weapons or thrown items, stealth, claws 1, fangs 3,
horns 2, see invisible, speed 1, shaggy fur 1, sharp paws
a: End Transformation


You were in the Dungeon.
You had grown temporary horns.
You visited 1 branch

Inventory:

Scrolls
 g - a scroll of blinking
Potions
 b - a potion of curing {!q}
 c - a potion of heal wounds {!q}
 d - a potion of haste {!q}
 e - 2 potions of magic {!q}
 f - a potion of berserk rage {!q}


   Skills:
 * Level 3.2 Fighting
 + Level 4.7 Dodging
 + Level 4.7 Unarmed Combat
 + Level 2.4 Spellcasting
 + Level 2.8 Transmutations


You had 5 spell levels left.
You knew the following spells:

 Your Spells              Type           Power        Failure   Level
a - Beastly Appendage     Tmut           #.....       8%          1

Your spell library contained the following spells:

 Spells                   Type           Power        Failure   Level
 Wereblood                Tmut           #.......     11%         2
 Spider Form              Tmut/Pois      #.........   36%         3
 Ice Form                 Ice/Tmut       #.......     77%         4
 Blade Hands              Tmut           #.........   90%         5


Dungeon Overview and Level Annotations

Branches:
Dungeon (1/1)

Altars:


Innate Abilities, Weirdness & Mutations

You cannot wear armour.
You are incapable of wielding weapons or throwing items.
Your paws allow you to move quietly. (Stealth)
You have sharp claws.
You have razor-sharp teeth.
You have supernaturally acute eyesight. (SInv)
You cover ground quickly.
You are covered in fur. (AC +1)
Your sharp claws are effective at attacking unaware monsters.
You have a pair of horns on your head.


Message History

The human completely misses you.
You scratch the human. You headbutt the human! Your bite misses the human.
The human is severely wounded.
The human completely misses you.
You scratch the human but do no damage.
The human is severely wounded.
Your transformation is almost over.
The human completely misses you.
You scratch the human but do no damage.
The human is severely wounded.
You scratch the human.
The human is severely wounded.
The human completely misses you.
You closely miss the human. Your headbutt misses the human.
The human is severely wounded.
The human barely misses you.
You completely miss the human. Your headbutt misses the human.
The human is severely wounded.
The human hits you!
You die...

▓<..#(..####
▓...#......##
▓..##...=.†.#
▓##.##.##...# .#
##.##.###..# ..#
▓#.####.##..# ...+
▓.###..##..##
#...# ▓#.....##..#
#....#
###..##[@.##p....#
##..##...p#......#
#..###..##.# #..#
#..#### ▓▓▓▓ ▓▓▓▓


You could see a human.

Vanquished Creatures
  Jessica (D)
  An ooze (D)
  2 rats (D)
4 creatures vanquished.

Vanquished Creatures (others)
  2 plants (D)
2 creatures vanquished.

Grand Total: 6 creatures vanquished

Notes
Turn   | Place    | Note
-------+----------+-------------------------------------------
     0 | D        | sahdkjhfkaj the Felid Transmuter began the quest for the
                  | Orb.
     0 | D        | Reached XP level 1. HP: 9/9 MP: 4/4
   110 | D        | Noticed Jessica
   115 | D        | Killed Jessica
   115 | D        | Reached XP level 2. HP: 14/14 MP: 4/6
   115 | D        | Reached XP level 3. HP: 17/17 MP: 4/7
   162 | D        | Slain by a human

Illustrated notes

Levels and vault maps discovered:
D:        dungeon_sprint_mu [sprint_mu_entry_cave, sprint_mu_temple_rooms,
          sprint_mu_d1_spiders, sprint_mu_d2_genie, sprint_mu_d3_branching,
          sprint_mu_orc_legion, sprint_mu_elf_gauntlet, sprint_mu_hive_nellie,
          sprint_mu_lair_fedhas, sprint_mu_vaults_butterflies,
          sprint_mu_slime_circle, sprint_mu_swamp_cave, sprint_mu_shoals_archi,
          sprint_mu_blade_basic, sprint_mu_crypt_lich, sprint_mu_tomb_spiral,
          sprint_mu_vestibule_basic, sprint_mu_gehenna_hellfire,
          sprint_mu_dis_giant, sprint_mu_tartarus_statrot,
          sprint_mu_cocytus_islands, sprint_mu_zot1]

Skill      XL: |  1 |
---------------+----+-----
Fighting       | 3 |  3.2
Dodging        | 4 |  4.7
Unarmed Combat | 4 |  4.7
Spellcasting   | |  2.4
Transmutations | |  2.8

Action                   || total
-------------------------++-------
Melee: Unarmed           ||    21
       Headbutt          ||     4
 Cast: Beastly Appendage ||     3
 Stab: Sleeping          ||     3
Dodge: Dodged            ||    11

Table legend: (Time is in decaauts)
 A = Elapsed time spent in this place.
 B = Non-inter-level travel time spent in this place.
 C = Inter-level travel time spent in this place.
 D = Time resting spent in this place.
 E = Time spent auto-exploring this place.
 F = Levels seen in this place.
 G = Mean time per level.
                   A        B        C        D        E       F      G
               +--------+--------+--------+--------+--------+-----+--------+
         Total |    151 |    151 |      0 |     92 |     14 |   1 |  151.0 |
       Dungeon |    151 |    151 |      0 |     92 |     14 |   1 |  151.0 |
               +--------+--------+--------+--------+--------+-----+--------+

Top non-repeatable levels by time:
       D: 151 daAuts
